 Dungeon Crawl Stone Soup version 0.14-a0-30-gf0b6e91 (webtiles) character file.

476594 Leibowitz the Intangible (level 24, -6/222 HPs)
             Began as a Merfolk Gladiator on Sept 23, 2013.
             Was a High Priest of Okawaru.
             Mangled by an acid blob (34 damage)
             ... created by the royal jelly
             ... on Level 6 of the Pits of Slime on Sept 27, 2013.
             The game lasted 08:23:06 (85517 turns).

Leibowitz the Intangible (Merfolk Gladiator)       Turns: 85517, Time: 08:23:09

HP  -6/222       AC 20     Str 32      XL: 24   Next: 66%
MP  23/27        EV 40     Int  8      God: Okawaru [*****.]
Gold 5876        SH  0     Dex 27      Spells:  0 memorised, 23 levels left

Res.Fire  : + . .   See Invis. : +   a - +6,+5 demon trident (flame)
Res.Cold  : + . .   Warding    : .   l - +2 leather armour of Lousou {Dex+2}
Life Prot.: . . .   Conserve   : .   (no shield)
Res.Poison: +       Res.Corr.  : +   S - +1 dwarf helmet {SInv}
Res.Elec. : +       Clarity    : .   G - +2 cloak "Ummek" {Acc+3 Dam+3}
Sust.Abil.: . .     Spirit.Shd : .   X - +2 pair of dwarf gauntlets {Dex+3}
Res.Mut.  : .       Stasis     : .   Z - +5 pair of boots of Bitterness {+Blink +Fl Res.Rott. : . Flight : . D - amulet "Noip" {rCorr Str+3 Int+3 Stlth--} Saprovore : . . . z - cursed ring "Poreth" {Str+5 Int-2 Dam+6} b - +5,+5 ring of slaying

@: mighty, heroism, finesse, quite resistant to hostile enchantments,
extraordinarily stealthy
A: change form in water, swift swim, deterioration 1, -10% mp
a: Heroism, Finesse, Renounce Religion, Evoke Blink, Evoke Flight
}: 2/15 runes: serpentine, barnacled


You were on level 6 of the Pits of Slime.
You worshipped Okawaru.
Okawaru was extremely pleased with you.
You were full.

You visited 10 branches of the dungeon, and saw 60 of its levels.
You visited the Abyss 5 times.
You visited 1 bazaar.
You also visited: Labyrinth and Ice Cave.

You collected 6660 gold pieces.
You spent 804 gold pieces at shops.

Inventory:

Hand weapons
 a - a +6,+5 demon trident of flaming (weapon)
 d - a +4,+5 quick blade
Armour
 l - the +2 leather armour of Lousou (worn) {Dex+2}
   (You found it in a labyrinth)

   It affects your dexterity (+2).
 G - the +2 cloak "Ummek" (worn) {Acc+3 Dam+3}
   (You bought it in a shop on level 5 of the Dungeon)

   It affects your accuracy (+3).
   It affects your damage-dealing abilities (+3).
 S - a +1 dwarven helmet of see invisible (worn)
 X - a +2 pair of dwarven gauntlets of dexterity (worn)
 Z - the +5 pair of boots of Bitterness (worn) {+Blink +Fly rPois Stlth+}
   (You acquired it on level 3 of the Vaults)

   It protects you from poison.
   It lets you fly.
   It lets you blink.
   It makes you much more stealthy.
Magical devices
 i - a wand of cold (3)
 v - a wand of fire (4)
 w - a wand of invisibility (2)
 A - a wand of disintegration (9)
 C - a wand of teleportation (7)
 O - a wand of digging (6)
Comestibles
 q - 12 meat rations
Scrolls
 e - a scroll of enchant weapon II
 n - 7 scrolls of remove curse
 x - 4 scrolls of recharging
 H - 2 scrolls of identify
 J - 3 scrolls of magic mapping
 K - 3 scrolls of fog
 U - 2 scrolls of fear
Jewellery
 b - a +5,+5 ring of slaying (left hand)
 f - an uncursed ring of sustenance
 h - an uncursed amulet of conservation
 k - an uncursed amulet of resist mutation
 t - an uncursed ring of positive energy
 z - the cursed ring "Poreth" (right hand) {Str+5 Int-2 Dam+6}
   (You found it on level 3 of the Elven Halls)

   [ring of intelligence]

   It affects your intelligence (-2).
   It affects your strength (+5).
   It affects your damage-dealing abilities (+6).
   It has a curse placed upon it.
 B - an uncursed ring of protection from cold
 D - the amulet "Noip" (around neck) {rCorr Str+3 Int+3 Stlth--}
   (You found it on level 8 of the Lair of Beasts)

   [amulet of resist corrosion]

   It affects your strength (+3).
   It affects your intelligence (+3).
   It makes you much less stealthy.
 I - an uncursed amulet of faith
 Q - an uncursed ring of teleportation
 R - the ring "Nydab" {Wiz rF+}
   (You found it on level 3 of the Elven Halls)

   [ring of wizardry]

   It protects you from fire.
 V - the macabre finger necklace {Ward}
   (You took it off a deep elf sorcerer on level 3 of the Elven Halls)

   [amulet of warding]
 Y - an uncursed amulet of stasis
Potions
 g - 5 potions of restore abilities
 j - 16 potions of curing
 o - a potion of porridge
 u - 2 potions of heal wounds
 E - 4 potions of brilliance
 L - 5 potions of flight
 M - 3 potions of resistance


   Skills:
 * Level 26.1(27) Fighting
   Level 0.7(5.7) Long Blades
 O Level 27 Polearms
 + Level 2.5(7.5) Throwing
 O Level 27 Dodging
 + Level 17.1(22.1) Stealth
 + Level 5.0(10.0) Unarmed Combat
 + Level 5.7 Invocations
 + Level 2.2 Evocations


You had 23 spell levels left.
You didn't know any spells.

Dungeon Overview and Level Annotations

Branches:
Dungeon (20/27)            Temple (1/1) D:6             Orc (4/4) D:6
    Elf (3/3) Orc:3          Lair (8/8) D:11         Shoals (5/5) Lair:4
  Snake (5/5) Lair:5        Slime (6/6) Lair:7       Vaults (4/5) D:16
  Blade (0/1) Vaults:3       Tomb (0/3) Forest:2     Forest (4/5) Vaults:3

Altars:
Ashenzari
Cheibriados
Elyvilon
Fedhas
Kikubaaqudgha
Makhleb
Nemelex Xobeh
Okawaru
Sif Muna
Trog
Vehumet
Xom
Yredelemnul
Zin
the Shining One
Beogh

Shops:
D:5 [   D:9 =   Orc:4 ((=/+   Elf:3 ?%[   Snake:5 }   Vaults:2 }   Vaults:4 (

Annotations:
D:3 cedor's ghost, weakling NaSk
Elf:2 exclusion: Roxanne, Roxanne
Slime:6 Royal Jelly
Forest:4 1 exclusion


Innate Abilities, Weirdness & Mutations

You revert to your normal form in water.
You are very nimble and swift while swimming.
Your body is slowly deteriorating.
Your magical capacity is low (-10% MP).


Message History

That felt strangely unrewarding.
The acid blob completely misses you. The acid blob hits you!
* * * LOW HITPOINT WARNING * * *
You are splashed with acid!
The acid burns!
You resist.
* * * LOW HITPOINT WARNING * * *
Drink which item? (? for menu, Esc to quit)
You feel much better. The acid blob hits you.
* * * LOW HITPOINT WARNING * * *
You are splashed with acid!
The acid burns!
You resist.
* * * LOW HITPOINT WARNING * * *
The acid blob spits acid at you. The splash of acid hits you! You resist.
The acid burns!
You resist.
* * * LOW HITPOINT WARNING * * *
The acid blob spits acid at you. The splash of acid misses you.
The acid blob spits acid at you. The splash of acid hits you! You resist.
The acid burns!
You resist.
* * * LOW HITPOINT WARNING * * *
The acid blob misses you. The acid blob hits you!
You die...

#.................#.#
#...................##
#....................#
##..................#.
......................#
###....................
#J..................#
.........J..........#
#........JJ@.........
......JJJJ.......
......J.........
...............#
..............#
.............
....<...... ......#.#
.##


You could see the royal jelly, 6 acid blobs and an azure jelly.

Vanquished Creatures
  Saint Roka (Snake:4)
  Boris (Vaults:2)
  Mennas (Forest:2)
  A golden dragon (Vaults:4)
  Xtahua (Forest:4)
  Frederick (Snake:5)
  Nikola (D:18)
  A bone dragon (Abyss:1)
  A lich (Vaults:4)
  3 tentacled monstrosities
  The ghost of patman the Brawler, a mighty TrAs of Okawaru (Elf:3)
  3 deep elf master archers (Elf:3)
  A thorn hunter (Forest:3)
  2 Executioners
  2 deep elf blademasters (Elf:3)
  Polyphemus (Shoals:4)
  A storm dragon (Vaults:4)
  A kraken (Shoals:5)
  A tengu reaver (Vaults:4)
  Rupert (Vaults:1)
  Agnes (Shoals:4)
  Frances (Vaults:1)
  12 acid blobs
  Kirke (Elf:3)
  The ghost of acidapple the Shatterer, a mighty MiFi of the Shining One (Vaults:1)
  Ilsuiw (Shoals:5)
  7 azure jellies (Slime:6)
  5 vault wardens
  10 tentacled starspawn
  An orc warlord (Orc:4)
  Donald (Vaults:4)
  Wiglaf (Snake:3)
  2 frost giants
  9 deep elf sorcerers
  Aizul (Elf:2)
  Louise (Shoals:1)
  Gastronok (Orc:2)
  Jorgrun (Snake:3)
  3 ancient bears
  2 reapers
  11 stone giants
  A spriggan defender (Forest:4)
  4 treants
  The ghost of prkl the Severer, a powerful DsBe of Trog (Elf:3)
  7 greater nagas
  An apis (Forest:3)
  10 deep elf demonologists (Elf:3)
  A blizzard demon (Elf:3)
  13 deep elf annihilators
  Azrael (D:15)
  5 elemental wellsprings
  A mottled draconian (Abyss:1)
  7 dire elephants
  4 merfolk javelineers (Shoals:5)
  A green death (Abyss:2)
  4 deep elf death magi
  5 spriggan air magi
  3 satyrs
  4 merfolk impalers (Shoals:5)
  5 death oozes (Slime:6)
  4 ettins
  3 deep elf high priests (Elf:3)
  8 ironheart preservers
  A minotaur (Lab)
  2 dragons
  5 sirens
  4 vault guards
  5 great orbs of eyes
  13 yaktaur captains
  Harold (Orc:3)
  Josephine (D:13)
  3 merfolk aquamancers
  8 hydras
  A ravenous feature mimic (Forest:1)
  10 ogre magi
  10 anacondas
  Erica (D:13)
  4 spriggan enchanters (Forest:3)
  5 spriggan berserkers
  5 rakshasas
  A spriggan assassin (Forest:4)
  8 death yaks
  2 dancing weapons (D:16)
  A spectral elf (Elf:1)
  8 wretched stars
  15 naga warriors
  24 centaur warriors
  8 dryads
  Urug (D:14)
  5 thrashing horrors
  4 sun demons
  4 fire crabs
  8 very ugly things
  An iron golem (Vaults:1)
  Nergalle (Orc:3)
  A catoblepas (Shoals:4)
  A storm dragon zombie (Vaults:3)
  An ice devil (Abyss:1)
  A shadow demon (Vaults:4)
  An iron troll (Vaults:3)
  2 spatial maelstroms
  15 deep elf knights
  11 large abominations
  7 skeletal warriors
  8 water nymphs
  5 sea snakes
  Erolcha (Orc:1)
  5 unseen horrors
  An ice statue (IceCv)
  6 wizards
  3 ironbrand convokers
  7 wolf spiders
  16 hill giants
  27 starcursed masses
  12 fauns
  6 orc sorcerers
  A lindwurm (Lair:7)
  2 necromancers
  8 deep elf conjurers
  Joseph (Orc:1)
  13 giant amoebae
  12 orc knights
  2 red wasps
  4 griffons
  20 harpies
  5 stone giant zombies
  11 cyclopes
  8 oklob plants
  A shining eye (Slime:6)
  A sphinx skeleton (Vaults:2)
  2 spiny worms
  8 stone giant skeletons
  A frost giant zombie (Vaults:2)
  A guardian serpent (Snake:5)
  9 deep elf summoners
  Maurice (D:8)
  A frost giant skeleton (Vaults:4)
  2 apocalypse crabs (Abyss:1)
  9 vault sentinels
  8 elephants
  A spiny frog (shapeshifter) (D:14)
  A sixfirhy (Abyss:2)
  An eye of devastation (Slime:4)
  A vapour (D:13)
  7 smoke demons
  A tormentor (Abyss:4)
  An item mimic (Lair:2)
  22 spirit wolves
  13 spiny frogs
  A yaktaur (shapeshifter) (D:16)
  13 orange demons
  Psyche (D:13)
  28 black mambas
  2 feature mimics
  10 trolls
  38 yaktaurs
  22 naga magi
  5 demonic crawlers
  2 iron troll zombies
  5 fire drakes
  14 mermaids
  5 ancient zymes
  An efreet (Abyss:2)
  12 komodo dragons
  A white draconian skeleton (Abyss:1)
  8 wind drakes
  27 spriggans
  A storm dragon simulacrum (Vaults:2)
  A black draconian skeleton (Abyss:1)
  2 hydra zombies
  A wolf spider simulacrum (D:19)
  12 deep elf priests
  7 hellwings
  2 iron devils
  An iron troll skeleton (D:18)
  Sonja (Orc:3)
  A komodo dragon (shapeshifter) (Vaults:3)
  15 two-headed ogres
  20 giant fireflies
  14 polar bears
  A polar bear (shapeshifter) (Vaults:1)
  2 red devils
  An ettin zombie (D:19)
  A jumping spider (Elf:2)
  A queen bee (D:12)
  5 boulder beetles
  13 thorn lotuses
  A jumping spider (shapeshifter) (D:18)
  A trapdoor spider zombie (D:14)
  A raven (D:6)
  69 slime creatures
  A dragon zombie (D:15)
  A basilisk (shapeshifter) (D:18)
  An ice dragon zombie (D:19)
  17 redbacks
  A shadow (D:12)
  A stone giant simulacrum (Vaults:3)
  A frost giant simulacrum (D:18)
  79 yaks
  4 grizzly bears
  18 snapping turtles
  3 basilisks
  A brown ooze (shapeshifter) (Elf:3)
  2 dragon skeletons
  2 trapdoor spiders (Vaults:1)
  2 trapdoor spiders (shapeshifter)
  103 ugly things
  An ettin skeleton (D:19)
  4 ynoxinuls
  4 air elementals
  39 deep elf magi
  2 vampires
  A chaos spawn (Abyss:1)
  8 brown oozes
  An octopode (shapeshifter) (D:18)
  23 hippogriffs
  42 deep elf fighters
  27 water elementals
  3 tarantellas
  4 elephant slugs
  A hippogriff (shapeshifter) (Elf:2)
  3 wraiths
  14 sharks
  4 wyverns
  29 merfolk
  2 fire elementals (D:15)
  Grum (D:13)
  2 steam dragons
  3 hill giant skeletons
  3 hungry ghosts
  A hog (Elf:3)
  4 hell hounds (D:15)
  A soldier ant (D:13)
  29 vampire mosquitoes
  4 spatial vortices
  Edmund (D:6)
  7 neqoxecs
  8 rock worms
  41 wolves
  16 manticores
  4 deep troll skeletons
  3 mottled dragons
  6 porcupines
  3 freezing wraiths
  62 orc warriors
  3 sky beasts
  10 small abominations
  86 nagas
  11 yellow wasps
  A giant amoeba simulacrum (D:13)
  19 giant goldfish
  2 phantoms
  4 black bears
  6 ice beasts
  44 ogres
  A tengu (D:10)
  2 dwarves (Lair:1)
  12 crocodiles
  A lava worm (D:19)
  3 rotting devils
  43 centaurs
  A spiny worm simulacrum (Abyss:1)
  3 boring beetles (Lair:7)
  Duvessa (Orc:1)
  2 big kobolds
  A brain worm (shapeshifter) (D:18)
  11 giant slugs
  4 brain worms
  8 wargs
  2 gnoll sergeants
  A yaktaur skeleton (D:18)
  21 giant frogs
  An agate snail (shapeshifter) (Elf:1)
  7 insubstantial wisps (Abyss:3)
  51 water moccasins
  13 agate snails
  A deep troll simulacrum (D:18)
  2 cyclops skeletons
  5 eyes of draining
  A hippogriff zombie (D:14)
  7 jellyfish
  A yak zombie (D:10)
  A boulder beetle zombie (D:18)
  2 eyes of draining (shapeshifter)
  A troll zombie (D:13)
  4 electric eels
  3 fire bats
  4 wights (D:15)
  2 goliath beetles
  2 pulsating lumps
  A pulsating lump (shapeshifter) (Elf:2)
  27 killer bees
  11 crimson imps
  Dowan (Orc:1)
  15 jellies
  An octopode zombie (Abyss:1)
  3 quasits
  29 orc priests
  36 orc wizards
  A gnoll shaman (D:8)
  11 hounds
  9 iguanas
  A centaur skeleton (D:8)
  An elf zombie (Elf:2)
  4 big fish
  18 orange rats
  4 scorpions
  A basilisk skeleton (D:13)
  6 iron imps
  An elf (shapeshifter) (Elf:1)
  11 worker ants
  A brain worm zombie (Abyss:2)
  26 sheep
  A sky beast zombie (D:5)
  4 boggarts (Vaults:3)
  5 mummies
  A big kobold skeleton (D:11)
  58 adders
  14 gnolls
  A brain worm simulacrum (Abyss:1)
  78 green rats
  2 lemures
  12 giant centipedes
  3 shadow imps
  2 giant mites
  An inept feature mimic (D:6)
  10 worms
  4 ufetubi (Abyss:1)
  15 white imps
  9 grey rats
  6 giant eyeballs
  8 giant geckos
  2 oozes
  221 orcs
  2 ball pythons
  28 bats
  A bat skeleton (D:8)
  7 giant cockroaches
  27 goblins
  21 hobgoblins
  30 jackals
  21 kobolds
  6 quokkas
  7 giant newts
  10 illusory rakshasas (D:13)
  A lurking horror (Abyss:3)
  2 orc skeletons
  2 orc zombies (Snake:4)
  A quokka zombie (D:5)
  34 rats
  3 ballistomycetes (D:9)
  A butterfly (Forest:1)
  4 crawling corpses
  4 fungi (D:18)
  A plant (Lair:8)
  5 snaplasher vines
  2 starspawn tentacles (Abyss:2)
  3 tentacles (Shoals:5)
3005 creatures vanquished.

Vanquished Creatures (collateral kills)
  4 slime creatures (D:16)
4 creatures vanquished.

Vanquished Creatures (others)
  A very ugly thing (Vaults:4)
  3 deep elf conjurers
  A harpy (Vaults:1)
  2 humans (Elf:3)
  A fire giant zombie (Vaults:1)
  2 naga magi (Snake:5)
  A two-headed ogre (Vaults:2)
  A redback (Forest:3)
  A hog (Elf:3)
  4 deep elf magi (Elf:3)
  A vampire mosquito (D:18)
  2 deep elf fighters
  An orc warrior (Snake:4)
  A centaur (D:20)
  A giant frog (D:16)
  A gnoll (Orc:3)
  3 adders
  A giant centipede (D:9)
  An ufetubus (Elf:3)
  7 orcs
  A giant spore (D:9)
  2 illusory rakshasas (D:13)
  A lurking horror (Abyss:1)
  19 fungi
  2 plants (Lair:8)
  309 snaplasher vine segments
  29 starspawn tentacles
  114 starspawn tentacle segments
  3 tentacles (Shoals:5)
  9 tentacle segments (Shoals:5)
525 creatures vanquished.

Grand Total: 3534 creatures vanquished

Notes
Turn   | Place    | Note
--------------------------------------------------------------
     0 | D:1      | Leibowitz, the Merfolk Gladiator, began the quest for the Orb.
     0 | D:1      | Reached XP level 1. HP: 17/17 MP: 0/0
   116 | D:1      | Reached XP level 2. HP: 23/23 MP: 1/1
   218 | D:1      | Reached skill level 1 in Stealth
   284 | D:1      | Reached skill level 5 in Polearms
   284 | D:1      | Reached XP level 3. HP: 24/28 MP: 2/2
   841 | D:2      | Reached XP level 4. HP: 27/35 MP: 3/3
  1200 | D:2      | Reached skill level 5 in Dodging
  1567 | D:3      | Reached XP level 5. HP: 19/40 MP: 4/4
  1806 | D:3      | Noticed cedor's ghost (weakling NaSk)
  1813 | D:3      | Upgraded the game from 0.13-a0-3153-g497d563 to 0.14-a0-19-g3ffea20
  2795 | D:4      | Found a glowing golden altar of the Shining One.
  2827 | D:4      | Noticed a centaur
  2835 | D:4      | Killed a centaur
  2835 | D:4      | Reached skill level 6 in Polearms
  2835 | D:4      | Reached XP level 6. HP: 19/47 MP: 5/5
  3604 | D:5      | Entered Level 5 of the Dungeon
  3886 | D:5      | Reached XP level 7. HP: 19/53 MP: 0/6
  4142 | D:5      | Reached skill level 7 in Dodging
  4900 | D:5      | Found Viym's Antique Armour Emporium.
  4917 | D:5      | Bought a transparent cloak for 126 gold pieces
  4920 | D:5      | Identified the cursed +2 cloak "Ummek" {Acc+3 Dam+3} (You bought it in a shop on level 5 of the Dungeon)
  4920 | D:5      | Bought a smoking robe for 119 gold pieces
  4937 | D:5      | Identified the -7 robe of the Heavens {rF+} (You bought it in a shop on level 5 of the Dungeon)
  5404 | D:6      | Noticed Edmund
  5422 | D:6      | Killed Edmund
  5613 | D:6      | Reached skill level 8 in Dodging
  5613 | D:6      | Reached skill level 5 in Stealth
  5613 | D:6      | Reached XP level 8. HP: 49/60 MP: 7/7
  5699 | D:6      | Found a staircase to the Ecumenical Temple.
  5707 | Temple   | Entered the Ecumenical Temple
  5773 | Temple   | Became a worshipper of Warmaster Okawaru
  6120 | D:6      | Found a burning altar of Makhleb.
  6120 | D:6      | Noticed a cacodemon
  6123 | D:6      | Noticed a hellwing
  6123 | D:6      | Noticed a neqoxec
  6147 | D:6      | Reached skill level 9 in Dodging
  6393 | D:6      | Acquired Okawaru's first power
  6393 | D:6      | Reached skill level 5 in Fighting
  6479 | D:6      | Noticed a raven
  6487 | D:6      | Killed a raven
  6533 | D:6      | Reached XP level 9. HP: 66/66 MP: 8/8
  6614 | D:6      | Reached skill level 10 in Dodging
  6719 | D:6      | Found a staircase to the Orcish Mines.
  7008 | D:7      | Paralysed by a potion of paralysis for 7 turns
  7481 | D:8      | Reached skill level 11 in Dodging
  7763 | D:8      | Reached skill level 1 in Evocations
  8141 | D:8      | Noticed Maurice
  8154 | D:8      | Killed Maurice
  8154 | D:8      | Reached skill level 12 in Dodging
  8154 | D:8      | Reached XP level 10. HP: 75/75 MP: 7/10
  8908 | D:9      | Found a sparkling altar of Nemelex Xobeh.
  8926 | D:9      | Reached skill level 10 in Polearms
  8945 | D:9      | Paralysed by a giant eyeball for 4 turns
  9040 | D:9      | Noticed a giant amoeba
  9054 | D:9      | Killed a giant amoeba
  9077 | D:9      | Reached skill level 13 in Dodging
  9661 | D:9      | Killed an unseen horror
 10154 | D:9      | Found Pnaychuwn's Jewellery Shoppe.
 10433 | D:9      | Reached skill level 14 in Dodging
 10528 | D:9      | Found an ancient bone altar of Kikubaaqudgha.
 10811 | D:9      | Got a twitching platinum ring
 10812 | D:9      | Identified the ring of Creativity {Ice Str-2 Dam+4} (You found it on level 9 of the Dungeon)
 10950 | D:9      | Bought an uncursed amulet of faith for 390 gold pieces
 11080 | D:9      | Reached XP level 11. HP: 75/82 MP: 9/12
 11203 | D:10     | Entered Level 10 of the Dungeon
 11215 | D:10     | Reached skill level 1 in Invocations
 11655 | D:10     | Noticed a hill giant
 11924 | D:10     | Killed a hill giant
 13573 | D:10     | Acquired Okawaru's second power
 13584 | D:10     | Reached skill level 15 in Dodging
 14328 | D:11     | Noticed a hill giant
 14340 | D:11     | Killed a hill giant
 14352 | D:11     | Received a gift from Okawaru
 14362 | D:11     | Found a staircase to the Lair.
 14503 | Lair:1   | Entered Level 1 of the Lair of Beasts
 14618 | Lair:1   | Found an iron altar of Okawaru.
 14711 | Lair:1   | Reached skill level 16 in Dodging
 15173 | Lair:1   | Reached XP level 12. HP: 88/91 MP: 14/14
 15853 | Lair:1   | Noticed a four-headed hydra
 15863 | Lair:1   | Killed a four-headed hydra
 16274 | Lair:2   | Received a gift from Okawaru
 16883 | Lair:2   | Got a distressingly furry cloak
 16889 | Lair:2   | Identified the +1 cloak "Twatikk" {Int+3 Stlth+ Curse} (You found it on level 2 of the Lair of Beasts)
 17514 | Lair:3   | Reached skill level 17 in Dodging
 17724 | Lair:3   | Noticed a five-headed hydra
 17795 | Lair:3   | Killed a five-headed hydra
 17986 | Lair:3   | Reached skill level 10 in Stealth
 18161 | Lair:4   | Found a staircase to the Shoals.
 18190 | Lair:4   | Reached skill level 10 in Fighting
 18219 | Lair:4   | Found a labyrinth entrance.
 18229 | Lab      | Entered a labyrinth
 19170 | Lab      | Noticed a minotaur
 19183 | Lab      | Killed a minotaur
 19189 | Lab      | Got a heavily runed leather armour
 19200 | Lab      | Identified the cursed +2 leather armour of Lousou {Dex+2} (You found it in a labyrinth)
 19662 | Shoals:1 | Entered Level 1 of the Shoals
 19997 | Lair:4   | Reached XP level 13. HP: 99/99 MP: 16/16
 20070 | Lair:4   | Noticed a five-headed hydra
 20078 | Lair:4   | Killed a five-headed hydra
 20112 | Lair:4   | Upgraded the game from 0.14-a0-19-g3ffea20 to 0.14-a0-30-gf0b6e91
 20134 | Lair:5   | Reached skill level 18 in Dodging
 20136 | Lair:5   | Received a gift from Okawaru
 20358 | Lair:5   | Got a warped chain mail {god gift}
 20371 | Lair:5   | Identified the +5 chain mail "Eladainaf" {+Rage rElec rC+} (Okawaru gifted it to you on level 5 of the Lair of Beasts)
 21222 | Lair:5   | Found a staircase to the Snake Pit.
 22839 | Lair:6   | Received a gift from Okawaru
 22878 | Lair:6   | Identified the Reference Book on the Mountains
 23166 | Lair:7   | Found a staircase to the Slime Pits.
 23342 | Lair:7   | Received a gift from Okawaru
 23696 | Lair:7   | Reached skill level 19 in Dodging
 24329 | D:11     | Gained mutation: You are weak. (Str -2) [potion of mutation]
 24329 | D:11     | Gained mutation: You digest meat inefficiently. [potion of mutation]
 24329 | D:11     | Lost mutation: You are weak. (Str -2) [potion of mutation]
 24453 | D:11     | Noticed a hill giant
 24462 | D:11     | Killed a hill giant
 24760 | Orc:1    | Entered Level 1 of the Orcish Mines
 24762 | Orc:1    | Noticed Duvessa
 24763 | Orc:1    | Noticed Dowan
 24779 | Orc:1    | Killed Dowan
 24784 | Orc:1    | Killed Duvessa
 24817 | Orc:1    | Found a bloodstained altar of Trog.
 24878 | Orc:1    | Found a frozen archway.
 24917 | IceCv    | Entered an ice cave
 24929 | IceCv    | Reached XP level 14. HP: 82/111 MP: 18/18
 25382 | IceCv    | Gained mutation: You are partially covered in slimy green scales (AC +2). [potion of beneficial mutation]
 25383 | IceCv    | Gained mutation: Your natural rate of healing is unusually fast. [potion of beneficial mutation]
 25443 | IceCv    | Noticed a frost giant
 25469 | IceCv    | Killed a frost giant
 25493 | IceCv    | Received a gift from Okawaru
 25591 | IceCv    | Got a polished halberd
 25592 | IceCv    | Identified the +10,+6 halberd "Plei" {speed, *Tele rPois Int+2} (You found it in an ice cave)
 25592 | IceCv    | Identified the +10,+6 halberd "Plei" {speed, *Tele rPois Int+2} (You found it in an ice cave)
 25692 | IceCv    | Reached skill level 15 in Polearms
 26041 | Orc:1    | Noticed Joseph
 26046 | Orc:1    | Killed Joseph
 26053 | Orc:1    | Noticed Erolcha
 26069 | Orc:1    | Killed Erolcha
 26291 | Orc:2    | Found a roughly hewn altar of Beogh.
 26294 | Orc:2    | Noticed Gastronok
 26731 | Orc:3    | Noticed Sonja
 26751 | Orc:3    | Killed Sonja
 27001 | Orc:2    | Killed Gastronok
 27001 | Orc:2    | Reached skill level 20 in Dodging
 27084 | Orc:3    | Noticed Harold
 27090 | Orc:3    | Killed Harold
 27148 | Orc:3    | Noticed Nergalle
 27149 | Orc:3    | Killed Nergalle
 27176 | Orc:3    | Received a gift from Okawaru
 27261 | Orc:3    | Found a staircase to the Elven Halls.
 27400 | Orc:4    | Entered Level 4 of the Orcish Mines
 27400 | Orc:4    | Found Klovvoowox's Book Emporium.
 27728 | Orc:4    | Found Baschafap's Antique Weapon Boutique.
 27728 | Orc:4    | Found Otemees' Antique Weapon Shop.
 27728 | Orc:4    | Found Loqoigy's Jewellery Shoppe.
 27731 | Orc:4    | Found Ydaebb's Magical Wand Emporium.
 27814 | Orc:4    | Noticed an orc warlord
 28396 | Shoals:1 | Received a gift from Okawaru
 28683 | Shoals:1 | Noticed Louise
 28720 | Shoals:1 | Cast into the Abyss (Louise)
 28871 | Abyss:1  | Noticed a tentacled starspawn
 28881 | Abyss:1  | Noticed a tentacled starspawn
 28964 | Abyss:1  | Killed a tentacled starspawn
 28964 | Abyss:1  | Reached skill level 15 in Fighting
 29025 | Abyss:1  | Reached XP level 15. HP: 37/122 MP: 18/18
 29147 | Shoals:1 | Escaped the Abyss
 29581 | Shoals:1 | Killed Louise
 29581 | Shoals:1 | Received a gift from Okawaru
 29856 | Shoals:2 | Gained mutation: You are mostly covered in slimy green scales (AC +3). [potion of beneficial mutation]
 29915 | Shoals:2 | Reached skill level 21 in Dodging
 30797 | Shoals:3 | Lost mutation: Your natural rate of healing is unusually fast. [potion of cure mutation]
 30797 | Shoals:3 | Lost mutation: You digest meat inefficiently. [potion of cure mutation]
 30797 | Shoals:3 | Lost mutation: You are mostly covered in slimy green scales (AC +3). [potion of cure mutation]
 30797 | Shoals:3 | Lost mutation: You are partially covered in slimy green scales (AC +2). [potion of cure mutation]
 31502 | Shoals:4 | Noticed Polyphemus
 31564 | Shoals:4 | Received a gift from Okawaru
 31810 | Shoals:4 | Noticed Agnes
 31828 | Shoals:4 | Killed Agnes
 32358 | Shoals:4 | Killed Polyphemus
 32642 | Shoals:5 | Entered Level 5 of the Shoals
 32644 | Shoals:5 | Noticed Ilsuiw
 34039 | D:12     | Received a gift from Okawaru
 34237 | D:13     | Noticed Grum
 34247 | D:13     | Killed Grum
 34305 | D:13     | Reached XP level 16. HP: 133/133 MP: 19/20
 34704 | D:13     | Noticed Erica
 34735 | D:13     | Killed Erica
 34812 | D:13     | Noticed Psyche
 34821 | D:13     | Killed Psyche
 34841 | D:13     | Noticed Josephine
 34856 | D:13     | Killed Josephine
 35032 | D:13     | Reached skill level 22 in Dodging
 35137 | D:14     | Entered Level 14 of the Dungeon
 35137 | D:14     | Found a bloodstained altar of Trog.
 35137 | D:14     | Noticed Urug
 35151 | D:14     | Killed Urug
 35391 | D:14     | Received a gift from Okawaru
 35424 | D:14     | Got a steaming battleaxe {god gift}
 35425 | D:14     | Identified the +10,+9 battleaxe "Hereizuk" {venom, Dex+4} (Okawaru gifted it to you on level 14 of the Dungeon)
 35425 | D:14     | Identified the +10,+9 battleaxe "Hereizuk" {venom, Dex+4} (Okawaru gifted it to you on level 14 of the Dungeon)
 35891 | D:15     | Entered Level 15 of the Dungeon
 36088 | D:15     | Noticed Azrael
 36089 | D:15     | Found a white marble altar of Elyvilon.
 36127 | D:15     | Killed Azrael
 36851 | D:16     | Found a staircase to the Vaults.
 36855 | D:16     | Received a gift from Okawaru
 38776 | Lair:8   | Entered Level 8 of the Lair of Beasts
 38841 | Lair:8   | Received a gift from Okawaru
 38985 | Lair:8   | Got a steaming ruby amulet
 38986 | Lair:8   | Identified the amulet "Noip" {rCorr Str+3 Int+3 Stlth--} (You found it on level 8 of the Lair of Beasts)
 39997 | Lair:8   | Reached XP level 17. HP: 105/142 MP: 21/21
 40757 | Snake:1  | Entered Level 1 of the Snake Pit
 40889 | Snake:1  | Got a faintly glowing leather armour
 40915 | Snake:1  | Identified the cursed -4 leather armour of the Raven {Str+2 Int-1} (You found it on level 1 of the Snake Pit)
 41289 | Snake:2  | Received a gift from Okawaru
 41360 | Snake:2  | Reached skill level 23 in Dodging
 42197 | Snake:3  | Noticed Jorgrun
 42222 | Snake:3  | Killed Jorgrun
 42237 | Snake:3  | Paralysed by you for 3 turns
 42507 | Snake:3  | Received a gift from Okawaru
 42963 | Snake:3  | Noticed Wiglaf
 42979 | Snake:3  | Killed Wiglaf
 43576 | Snake:4  | Noticed Saint Roka
 43618 | Snake:4  | HP: 4/143 [soul eater/drain life[Saint Roka] (13)]
 43620 | Snake:4  | Found an ancient bone altar of Kikubaaqudgha.
 44777 | Orc:4    | Killed an orc warlord
 45613 | D:17     | Found a shattered altar of Ashenzari.
 46335 | D:18     | Found a shimmering altar of Xom.
 46346 | D:18     | Received a gift from Okawaru
 46470 | D:18     | Reached XP level 18. HP: 126/152 MP: 22/22
 47039 | D:18     | Received a gift from Okawaru
 47309 | D:18     | Reached skill level 24 in Dodging
 47342 | D:18     | Identified the Incunabulum of Icy Blows and Bruises (You found it on level 18 of the Dungeon)
 47707 | D:18     | Noticed Nikola
 47717 | D:18     | Killed Nikola
 48604 | D:18     | Noticed a tentacled monstrosity
 48632 | D:18     | Killed a tentacled monstrosity
 48663 | D:18     | HP: 4/153 [stone giant (35)]
 48678 | D:18     | Lost intelligence.
 49051 | D:18     | Identified Plefistru's Thorough Guide to Spellweaving
 49342 | Vaults:1 | Entered Level 1 of the Vaults
 49363 | Vaults:1 | Received a gift from Okawaru
 49406 | Vaults:1 | Noticed acidapple's ghost (mighty MiFi)
 50013 | Vaults:1 | Received a gift from Okawaru
 50672 | Vaults:1 | Noticed Frances
 50887 | Vaults:1 | Paralysed by Rupert for 3 turns
 50888 | Vaults:1 | Noticed Rupert
 50902 | Vaults:1 | Paralysed by Rupert for 6 turns
 50924 | Vaults:1 | Killed Rupert
 50965 | Vaults:1 | Received a gift from Okawaru
 50972 | Vaults:1 | Got a twisted triple sword {god gift}
 50973 | Vaults:1 | Identified the +8,+10 triple sword of the Mosquito {slice, +Inv +Fly rF+} (Okawaru gifted it to you on level 1 of the Vaults)
 50973 | Vaults:1 | Identified the +8,+10 triple sword of the Mosquito {slice, +Inv +Fly rF+} (Okawaru gifted it to you on level 1 of the Vaults)
 51868 | Vaults:1 | Reached XP level 19. HP: 162/162 MP: 23/23
 52344 | Vaults:1 | Killed acidapple's ghost
 52347 | Vaults:1 | Noticed a tentacled monstrosity
 52367 | Vaults:1 | Killed a tentacled monstrosity
 52380 | Vaults:1 | Received a gift from Okawaru
 52481 | Vaults:1 | Killed Frances
 52992 | Vaults:2 | Noticed Boris
 53047 | Vaults:2 | Killed Boris
 53047 | Vaults:2 | Reached skill level 25 in Dodging
 53408 | Vaults:2 | Found Laofiuv's Gadget Shop.
 54067 | Vaults:2 | Found a burning altar of Makhleb.
 54244 | Vaults:2 | Received a gift from Okawaru
 54245 | Vaults:2 | Got a bone falchion {god gift}
 54246 | Vaults:2 | Identified the +11,-3 falchion "Thyoxyn" {venom, rPois rC+} (Okawaru gifted it to you on level 2 of the Vaults)
 54246 | Vaults:2 | Identified the +11,-3 falchion "Thyoxyn" {venom, rPois rC+} (Okawaru gifted it to you on level 2 of the Vaults)
 56132 | Shoals:5 | Received a gift from Okawaru
 56141 | Shoals:5 | Got a faintly humming ring mail {god gift}
 56151 | Shoals:5 | Identified the -2 ring mail "Liexicsyeh" {+Blink Int-2} (Okawaru gifted it to you on level 5 of the Shoals)
 56609 | Shoals:5 | Noticed a kraken
 56632 | Shoals:5 | Killed a kraken
 56714 | Shoals:5 | Reached XP level 20. HP: 118/172 MP: 24/24
 56878 | Shoals:5 | Killed Ilsuiw
 57558 | Shoals:5 | Got a barnacled rune of Zot
 58535 | Snake:4  | Killed Saint Roka
 58535 | Snake:4  | Received a gift from Okawaru
 58538 | Snake:4  | Reached skill level 26 in Dodging
 58860 | Snake:5  | Entered Level 5 of the Snake Pit
 59475 | Snake:5  | Found Nyeho's Gadget Shop.
 59961 | Snake:5  | Received a gift from Okawaru
 60996 | Snake:5  | Noticed Frederick
 61034 | Snake:5  | Killed Frederick
 61578 | Snake:5  | Got a serpentine rune of Zot
 62561 | Vaults:3 | Reached skill level 27 in Dodging
 62584 | Vaults:3 | Found a staircase to the Hall of Blades.
 62617 | Vaults:3 | Received a gift from Okawaru
 62646 | Vaults:3 | Identified a scroll of acquirement
 62647 | Vaults:3 | Got a pair of crude boots
 62651 | Vaults:3 | Identified the +5 pair of boots of Bitterness {+Blink +Fly rPois Stlth+} (You acquired it on level 3 of the Vaults)
 63310 | Vaults:3 | Found a staircase to the Enchanted Forest.
 63324 | Vaults:3 | Reached XP level 21. HP: 156/182 MP: 25/25
 64094 | Vaults:4 | Reached skill level 1 in Unarmed Combat
 64385 | Vaults:4 | Received a gift from Okawaru
 64392 | Vaults:4 | Got a faintly glowing halberd {god gift}
 64393 | Vaults:4 | Identified the +15,+0 halberd "Zynyix" {freeze, rN+} (Okawaru gifted it to you on level 4 of the Vaults)
 64393 | Vaults:4 | Identified the +15,+0 halberd "Zynyix" {freeze, rN+} (Okawaru gifted it to you on level 4 of the Vaults)
 64572 | Vaults:4 | Found Qakh's Antique Weapon Emporium.
 64607 | Vaults:4 | Noticed a golden dragon
 64656 | Vaults:4 | Killed a golden dragon
 65260 | Vaults:4 | Received a gift from Okawaru
 65530 | Vaults:4 | Noticed Donald
 65551 | Vaults:4 | Killed Donald
 66311 | Forest:1 | Entered Level 1 of the Enchanted Forest
 66718 | Forest:1 | Found an iron altar of Okawaru.
 67430 | Forest:1 | Received a gift from Okawaru
 67999 | Forest:2 | Noticed Mennas
 68031 | Forest:2 | Killed Mennas
 68037 | Forest:2 | Reached skill level 5 in Unarmed Combat
 68420 | Forest:2 | Reached XP level 22. HP: 88/193 MP: 26/26
 69106 | Forest:2 | Received a gift from Okawaru
 69619 | Forest:2 | Found a staircase to the Tomb.
 70190 | Forest:3 | Received a gift from Okawaru
 71536 | Forest:3 | HP: 8/195 [spirit wolf (14)]
 71905 | Forest:3 | Received a gift from Okawaru
 73110 | Forest:4 | Noticed Xtahua
 73112 | Forest:4 | Killed Xtahua
 75281 | D:19     | Found a radiant altar of Vehumet.
 75425 | D:20     | Entered Level 20 of the Dungeon
 76054 | Elf:1    | Entered Level 1 of the Elven Halls
 76076 | Elf:1    | Found a flickering gateway to a bazaar.
 76104 | Bazaar   | Entered a bazaar
 76104 | Bazaar   | Found Geriadghogro's Distillery.
 76104 | Bazaar   | Found Qarr's Food Boutique.
 76104 | Bazaar   | Found Waecausch's Armour Shoppe.
 76105 | Bazaar   | Found Ocaugg's Antique Weapon Emporium.
 76105 | Bazaar   | Found Pheviquc's Distillery.
 76108 | Bazaar   | Bought a potion of heal wounds for 39 gold pieces
 76120 | Bazaar   | Bought a potion of porridge for 12 gold pieces
 76120 | Bazaar   | Bought a potion of heal wounds for 36 gold pieces
 76392 | Elf:1    | Reached skill level 27 in Polearms
 76398 | Elf:1    | Reached XP level 23. HP: 189/204 MP: 27/27
 77155 | Elf:2    | Cast into the Abyss (deep elf sorcerer)
 77174 | Elf:2    | Escaped the Abyss
 77254 | Elf:2    | Noticed Roxanne
 77744 | Elf:2    | Reached skill level 15 in Stealth
 78182 | Elf:2    | Noticed Aizul
 78194 | Elf:2    | Killed Aizul
 78479 | Elf:3    | Entered Level 3 of the Elven Halls
 78651 | Elf:3    | Found Friomed's Magic Scroll Shoppe.
 78651 | Elf:3    | Found Loesad's Food Boutique.
 78779 | Elf:3    | Found Xeiplorch's Antique Armour Shop.
 78927 | Elf:3    | Noticed prkl's ghost (powerful DsBe)
 78941 | Elf:3    | Noticed patman's ghost (mighty TrAs)
 78972 | Elf:3    | Got a vibrating brass ring
 78992 | Elf:3    | Got a shimmering lead ring
 79003 | Elf:3    | Cast into the Abyss (deep elf sorcerer)
 79010 | Abyss:1  | Identified the cursed ring "Poreth" {Str+5 Int-2 Dam+6} (You found it on level 3 of the Elven Halls)
 79011 | Abyss:1  | Identified the ring "Nydab" {Wiz rF+} (You found it on level 3 of the Elven Halls)
 79160 | Abyss:1  | Paralysed by accursed screaming for 1 turns
 79424 | Elf:3    | Escaped the Abyss
 79488 | Elf:3    | Got a wavering silver ring
 79489 | Elf:3    | Identified the ring of Hugacloi {Hunger Dex+2} (You found it on level 3 of the Elven Halls)
 79537 | Elf:3    | Cast into the Abyss (deep elf demonologist)
 79680 | Abyss:1  | Received a gift from Okawaru
 80292 | Abyss:2  | Gained mutation: You are clumsy. (Dex -2) [a neqoxec]
 80474 | Abyss:3  | Lost mutation: You are clumsy. (Dex -2) [potion of cure mutation]
 80885 | Abyss:3  | Found a bloodstained altar of Trog.
 80917 | Abyss:3  | Found a bloodstained altar of Trog.
 81155 | Abyss:5  | Entered Level 5 of the Abyss
 81237 | Elf:3    | Escaped the Abyss
 81248 | Elf:3    | Gained mutation: Your body is slowly deteriorating. [a neqoxec]
 81653 | Elf:3    | Killed patman's ghost
 81937 | Elf:3    | Identified the Papyrus of Bewitching Shape Shifting (You found it on level 3 of the Elven Halls)
 81966 | Elf:3    | Identified the Almanac of Helpful Ice
 82042 | Elf:3    | Cast into the Abyss (deep elf demonologist)
 82076 | Abyss:1  | Reached XP level 24. HP: 198/219 MP: 29/29
 82213 | Elf:3    | Escaped the Abyss
 82342 | Elf:3    | Reached skill level 5 in Invocations
 82498 | Elf:3    | Received a gift from Okawaru
 82576 | Elf:3    | Noticed Kirke
 82597 | Elf:3    | Killed Kirke
 83593 | Elf:3    | Killed prkl's ghost
 83812 | Elf:3    | Bought a scroll of enchant weapon II for 82 gold pieces
 84494 | Slime:1  | Entered Level 1 of the Pits of Slime
 84614 | Slime:4  | Paralysed by a giant eyeball for 4 turns
 84620 | Slime:4  | Gained mutation: Your magical capacity is low (-10% MP). [pulsating lump's mutagenic touch]
 85083 | Slime:6  | Entered Level 6 of the Pits of Slime
 85158 | Slime:6  | Paralysed by a giant eyeball for 4 turns
 85329 | Slime:6  | Noticed the royal jelly
 85338 | Slime:6  | Paralysed by a giant eyeball for 4 turns
 85517 | Slime:6  | Mangled by an acid blob

Action                   |  1- 3 |  4- 6 |  7- 9 | 10-12 | 13-15 | 16-18 | 19-21 | 22-24 || total
-------------------------+-------+-------+-------+-------+-------+-------+-------+-------++-------
Melee: Trident           |   136 |   250 |   442 |  1396 |   942 |       |       |       ||  3166
       Halberd           |       |       |       |       |  1244 |  2866 |  1101 |       ||  5211
       Triple sword      |       |       |       |       |       |    19 |       |       ||    19
       Demon trident     |       |       |       |       |       |       |  1662 |  2301 ||  3963
       Quick blade       |       |       |       |       |       |       |       |     1 ||     1
 Fire: Blowgun           |       |       |       |     7 |       |       |       |       ||     7
Throw: Throwing net      |       |     3 |       |     2 |       |       |       |       ||     5
Invok: Heroism           |       |       |     3 |    16 |    21 |    12 |    13 |    17 ||    82
       Finesse           |       |       |       |       |     1 |       |     3 |     3 ||     7
Evoke: Wand              |       |     4 |    13 |    26 |     6 |     3 |     3 |     3 ||    58
       Miscellaneous     |       |       |       |       |       |       |     1 |       ||     1
  Use: Scroll            |       |       |    16 |    17 |     7 |    16 |     6 |    19 ||    81
       Potion            |       |       |    12 |     7 |    13 |    13 |     7 |    17 ||    69
 Stab: Sleeping          |     2 |     3 |    25 |    55 |    61 |    75 |    50 |    43 ||   314
       Held in net/web   |       |     5 |       |       |       |       |       |       ||     5
       Confused          |       |       |       |     2 |       |       |       |       ||     2
       Distracted        |       |       |       |     3 |     7 |    12 |    13 |    29 ||    64
       Fleeing           |       |       |       |       |     4 |       |     1 |     1 ||     6
